 Dungeon Crawl Stone Soup version 0.21-a0-349-g0c35859 (webtiles) character file.

238 HAL9000 the Skirmisher (level 5, 31/48 HPs)
             Began as a Minotaur Berserker on Sept 23, 2017.
             Was a Follower of Trog.
             Quit the game on level 4 of the Dungeon on Oct 7, 2017.
             The game lasted 00:17:17 (2051 turns).

HAL9000 the Skirmisher (Minotaur Berserker)         Turns: 2051, Time: 00:17:17

Health: 31/48      AC:  2    Str: 22    XL:     5   Next: 78%
Magic:  4/4        EV: 13    Int:  4    God:    Trog [*.....]
Gold:   73         SH:  0    Dex: 10    Spells: 4/4 levels left

rFire    . . .     SeeInvis .   a - +0 falchion
rCold    . . .     Gourm    .   (no shield)
rNeg     . . .     Faith    .   b - +0 animal skin
rPois    .         Spirit   .   (helmet restricted)
rElec    .         Reflect  .   (no cloak)
rCorr    .         Harm     .   (no gloves)
MR       .....                  (no boots)
Stlth    +.........             (no amulet)
HPRegen  0.16/turn              (no ring)
MPRegen  0.09/turn              (no ring)

@: berserk cooldown, slowed, very slow
A: retaliatory headbutt, horns 2
a: Berserk, Burn Spellbooks, Renounce Religion


You were on level 4 of the Dungeon.
You worshipped Trog.
Trog was aware of your devotion.
You were very hungry.

You visited 1 branch of the dungeon, and saw 4 of its levels.

You collected 73 gold pieces.

Inventory:

Hand Weapons
 a - a +0 falchion (weapon)
 m - a +0 hand crossbow
Armour
 b - a +0 animal skin (worn)
Jewellery
 f - an uncursed ring of magical power {unknown}
Scrolls
 e - a scroll of amnesia {unknown}
 g - 4 scrolls of teleportation
 j - a scroll of random uselessness {unknown}
 k - 2 scrolls of identify {unknown}
Potions
 d - a potion of invisibility {unknown}
 i - 2 potions of degeneration {unknown}
 n - a potion of curing {unknown}
Comestibles
 c - 2 bread rations
 h - a royal jelly
 o - 3 chunks of flesh


   Skills:
 + Level 5.3 Fighting
 + Level 5.0 Long Blades
 + Level 4.1 Armour
 + Level 3.5 Dodging


You had 4 spell levels left.
You didn't know any spells.

Dungeon Overview and Level Annotations

Branches:
Dungeon (4/15)
 Temple: D:4-7

Altars:
Nemelex Xobeh
Uskayaw
Wu Jian


Innate Abilities, Weirdness & Mutations

You reflexively headbutt those who attack you in melee.
You have a pair of horns on your head.


Message History

Unknown command.
Unknown command.
You feel a strong urge to attack something.
You feel your anger subside.
You are no longer berserk.
You are exhausted.
You feel yourself slow down.
The leopard gecko hisses angrily.
The leopard gecko closely misses you.
Welcome back, HAL9000 the Minotaur Berserker.
Trog says: Kill them all!
Press ? for a list of commands and other information.
You barely miss the leopard gecko. The leopard gecko barely misses you.
The leopard gecko closely misses you.
You slash the leopard gecko!
You kill the leopard gecko!
Trog accepts your kill.
Welcome back, HAL9000 the Minotaur Berserker.
Trog says: Kill them all!
Press ? for a list of commands and other information.
Are you sure you want to abandon this character and quit the game? (Confirm with "yes".)

#.#.#...# #......... ##..
..... #......... .
....##... #......... ..
...#..## #......).. ...
#.#... ##...##.## ....
#....###### #...##.##
#... #........###.......#
#....#.....#......#####)#
#....?..@..#............#
#...###..#......#########
#.. .<.>#.#............#
#. ##.###.#..[...#####.#
#. #.#..#...# # #.
!.#..#...# ## ###.##.###
#.#....# #.#....##


There were no monsters in sight!

Vanquished Creatures
  An orc warrior (D:4)
  An orc priest (D:4)
  An orc wizard (D:4)
  A worker ant (D:4)
  4 adders
  An ooze (D:2)
  A worm (D:2)
  A leopard gecko (D:4)
  A bat (D:2)
  A giant cockroach (D:3)
  4 goblins (D:2)
  A hobgoblin (D:2)
  2 quokkas (D:4)
  2 frilled lizards (D:2)
  2 kobolds (D:2)
  2 rats (D:2)
26 creatures vanquished.

Notes
Turn   | Place    | Note
-------+----------+-------------------------------------------
     0 | D:1      | HAL9000 the Minotaur Berserker began the quest for the Orb.
     0 | D:1      | Reached XP level 1. HP: 19/19 MP: 0/0
     7 | D:1      | You fall through a shaft!
    88 | D:2      | Reached XP level 2. HP: 20/27 MP: 1/1
   494 | D:2      | Found a hide-covered altar of Uskayaw.
   497 | D:2      | Noticed a dagger
   499 | D:2      | Noticed an enchanted dagger
   524 | D:2      | Reached XP level 3. HP: 33/33 MP: 2/2
   909 | D:2      | Found an ornate altar of the Wu Jian Council.
   909 | D:2      | Found a sparkling altar of Nemelex Xobeh.
  1258 | D:4      | Reached XP level 4. HP: 11/41 MP: 3/3
  1669 | D:4      | Noticed an orc warrior
  1703 | D:4      | Killed an orc warrior
  1703 | D:4      | Reached skill level 5 in Fighting
  1703 | D:4      | Reached XP level 5. HP: 48/48 MP: 4/4
  2042 | D:4      | Reached skill level 5 in Long Blades
  2048 | D:4      | Upgraded the game from 0.21-a0-279-g6037ffb to 0.21-a0-344-g2144152
  2051 | D:4      | Upgraded the game from 0.21-a0-344-g2144152 to 0.21-a0-349-g0c35859
  2051 | D:4      | Quit the game

Vault maps used:
D:1:      ncdulo_halloftheorcs, serial_forest, infiniplex_forest_clump_C,
          infiniplex_forest_straight_2, infiniplex_forest_clump_C,
          infiniplex_forest_end_2, infiniplex_forest_lined_corner,
          infiniplex_forest_clump_medium, infiniplex_forest_lined_room_,
          infiniplex_forest_3_way
D:2:      dancing_weapons_uskayaw, gammafunk_temple_overflow_elements,
          grunt_decor_one_mirror, minmay_heptomino_w4
D:3:      doesnt_xom_only_xom, serial_glass, glass_columns_b, glass_columns_b
D:4:      first_bread, serial_co_window_serial, co_window_paths_a,
          co_window_paths_a, co_window_of_opportunity_a,
          co_window_of_opportunity_a, co_window_of_opportunity_a,
          co_window_paths_b, co_window_corner_a, co_window_corner_b,
          co_window_corner_b, co_window_corner_cb, co_window_unsneaky_path_c,
          co_window_unsneaky_path_b, minmay_misc_feat_cross,
          okawaru_altar_gauntlet_db

Skill      XL: |  1  2  3  4  5 |
---------------+----------------+-----
Fighting       | 4 5 |  5.3
Long Blades    | 4 5 |  5.0
Armour         | 3 4 |  4.1
Dodging        | 3 |  3.5

Action                   |  1- 3 |  4- 6 || total
-------------------------+-------+-------++-------
Melee: Falchion          |    36 |    15 ||    51
       Headbutt          |     3 |     6 ||     9
Invok: Berserk           |     1 |     2 ||     3
  Use: Scroll            |       |     2 ||     2
 Stab: Sleeping          |     1 |       ||     1
  Eat: Chunk             |     1 |     4 ||     5
Armor: Animal skin       |     4 |     2 ||     6
Dodge: Dodged            |    29 |    10 ||    39
       Rpst.: Falchion   |     4 |     4 ||     8

Table legend:
 A = Spawn XP
 B = Non-spawn XP
 C = Spawn XP percentage of total XP
 D = Spawn monster count
 E = Non-spawn monster count
 F = Spawn count percentage of total count
 G = Total turns spent on level
                    A         B        C        D         E        F      G
               +---------+---------+-------+---------+---------+-------+---------
         Total |       0 |     341 |   0.0 |       0 |      26 |   0.0 |  2051
               +---------+---------+-------+---------+---------+-------+---------
           D:2 |       0 |      71 |   0.0 |       0 |      17 |   0.0 |  1196
           D:3 |       0 |       2 |   0.0 |       0 |       1 |   0.0 |    27
           D:4 |       0 |     268 |   0.0 |       0 |       8 |   0.0 |   821
               +---------+---------+-------+---------+---------+-------+---------
